Map: Ancient Cistern LE

Players

SLicKcHeeZEE - Winner!

  • Race: Zerg Zerg
  • Spawn Location: 7:00

A.I. 1 (Very Hard)

  • Race: Terran Terran
  • Spawn Location: 1:00

VOD

Have the link to the VOD?

Description

Time

  • Played on: Sept. 3, 2026, 4 p.m.
  • Length: 14:18
Show
View Real Time Build Order
Export as new Build Order

SLicKcHeeZEE Zerg - Winner!

Build Orders: Hatch First, Roach Hydra 

Get SALT Encoding   

  8  0:00  Drone  
  9  0:12  Drone  
  10  0:16  Drone  
  11  0:27  Overlord  
  11  0:33  Drone  
  12  0:45  Drone x2  
  14  0:52  Drone  
  15  1:12  Hatchery  
  15  1:16  Drone  
  15  1:20  Drone  
  16  1:35  Spawning Pool  
  16  1:37  Extractor  
  14  1:40  Drone  
  14  1:43  Drone  
  16  1:47  Drone  
  16  1:51  Drone  
  18  2:01  Overlord  
  18  2:11  Drone  
  19  2:22  Queen  
  21  2:27  Queen  
  23  2:34  Drone x2  
  25  2:40  Overlord  
  25  2:46  Drone  
  25  2:47  Drone  
  25  2:50  Drone  
  28  2:54  Drone  
  28  2:57  Drone  
  30  3:02  Overlord  
  30  3:12  Lair  
  30  3:20  Roach Warren  
  30  3:21  Extractor  
  30  3:24  Drone  
  30  3:25  Drone  
  30  3:28  Overlord  
  30  3:42  Drone x3  
  30  3:46  Drone x2  
  30  3:47  Drone  
  36  3:51  Drone  
  37  4:01  Roach x3  
  37  4:02  Roach  
  45  4:07  Overlord  
  45  4:13  Hydralisk Den  
  44  4:29  Extractor  
  43  4:34  Hatchery  
  43  4:35  Evolution Chamber  
  43  4:38  Evolution Chamber  
  40  4:42  Hydralisk x2  
  45  4:45  Drone x2  
  45  4:47  Drone  
  45  4:52  Glial Reconstitution  
  47  4:57  Grooved Spines  
  47  5:00  Overlord  
  47  5:08  Zerg Missile Weapons Level 1  
  47  5:18  Zerg Ground Armor Level 1, Extractor  
  46  5:27  Roach x3  
  52  5:32  Drone x3  
  55  5:37  Hydralisk  
  55  5:40  Hydralisk  
  59  5:51  Muscular Augments  
  59  5:55  Queen  
  61  6:01  Drone x2  
  63  6:13  Drone x4  
  67  6:23  Drone x3  
  67  6:25  Drone x2  
  72  6:30  Drone  
  73  6:44  Extractor  
  73  6:46  Overlord x2  
  72  7:00  Drone x3  
  75  7:02  Overlord x2  
  75  7:09  Drone  
  75  7:14  Zerg Ground Armor Level 2  
  75  7:15  Zerg Missile Weapons Level 2  
  76  7:19  Overlord x2  
  76  7:29  Roach x3, Hydralisk x2  
  86  7:30  Roach  
  86  7:31  Hydralisk, Roach x2  
  86  7:34  Hydralisk  
  86  7:36  Roach  
  98  7:41  Drone x2  
  98  7:42  Drone  
  101  7:45  Drone x3  
  101  7:48  Overlord  
  104  8:01  Hydralisk x2, Roach x3  
  104  8:03  Roach  
  116  8:13  Ravager x2  
  116  8:14  Ravager  
  116  8:15  Overlord  
  119  8:20  Hydralisk x2, Roach x2  
  119  8:21  Hydralisk  
  129  8:29  Overlord x2  
  101  9:03  Hatchery  
  101  9:09  Overlord x2  
  97  9:33  Roach x3, Hydralisk x2  
  97  9:34  Hydralisk x2, Roach  
  97  9:35  Roach x4, Hydralisk x2  
  97  9:36  Roach  
  97  9:37  Hydralisk x3  
  133  9:56  Queen  
  133  9:59  Overlord  
  135  10:15  Queen, Extractor  
  136  10:43  Overlord x2  
  136  10:46  Roach x3, Hydralisk  
  136  10:47  Hydralisk, Roach  
  136  10:48  Roach x2, Hydralisk x2  
  156  10:50  Roach x5, Hydralisk  
  156  10:51  Roach x2, Hydralisk  
  156  10:55  Overlord  
  174  11:19  Hydralisk  
  174  11:20  Hydralisk x2  
  174  11:21  Roach x2, Hydralisk x2  
  174  11:22  Roach x3  
  194  11:26  Ravager  
  194  11:29  Ravager  
  142  12:57  Hydralisk  
  142  12:58  Roach x2, Hydralisk  
  146  12:59  Roach x8, Hydralisk x12  
  146  13:00  Roach  
  146  13:01  Roach  
Show
View Real Time Build Order
Export as new Build Order

A.I. 1 (Very Hard) Terran 

Build Orders:  

Get SALT Encoding   

  8  0:00  SCV  
  9  0:13  SCV  
  10  0:25  SCV  
  11  0:37  SCV  
  12  0:46  Supply Depot  
  12  0:49  SCV  
  13  1:08  SCV  
  14  1:13  Barracks  
  14  1:20  SCV  
  15  1:32  SCV  
  16  1:44  SCV  
  17  1:50  Supply Depot  
  17  1:56  Refinery, SCV  
  17  1:59  Marine  
  20  2:08  SCV  
  20  2:17  Marine  
  20  2:18  Barracks  
  20  2:20  SCV  
  22  2:27  Refinery  
  22  2:32  SCV  
  22  2:35  Marine  
  24  2:44  Supply Depot, SCV  
  25  2:53  Marine  
  25  2:57  SCV  
  27  3:05  Marine  
  28  3:08  Factory  
  28  3:09  SCV  
  29  3:14  Marine  
  30  3:21  SCV  
  30  3:22  Marine  
  32  3:32  Marine  
  32  3:33  SCV  
  34  3:40  Marine  
  35  3:45  SCV  
  36  3:57  SCV  
  36  3:59  Supply Depot  
  37  4:10  Factory Tech Lab  
  37  4:21  Marine x2, SCV  
  37  4:22  Starport  
  40  4:33  SCV  
  41  4:38  Marine x2  
  41  4:45  SCV  
  44  4:52  Barracks  
  44  4:57  SCV  
  45  5:00  Supply Depot  
  45  5:13  Factory  
  45  5:17  Starport  
  45  5:21  SCV, Siege Tank  
  49  5:28  Supply Depot  
  49  5:33  SCV  
  50  5:41  Barracks Tech Lab  
  50  5:45  SCV  
  51  5:53  Marine  
  51  5:54  Barracks Reactor, Siege Tank  
  55  5:57  Supply Depot, SCV  
  55  6:00  Stimpack  
  55  6:01  Marauder  
  55  6:02  Command Center  
  58  6:12  Barracks Tech Lab  
  58  6:22  Marauder  
  60  6:26  Siege Tank  
  60  6:30  Combat Shield  
  60  6:31  Marauder  
  60  6:32  Supply Depot  
  65  6:44  Marauder  
  67  6:52  Marauder  
  69  6:58  Siege Tank  
  69  7:00  Supply Depot  
  72  7:05  Marauder  
  74  7:10  Orbital Command  
  74  7:14  Marauder, SCV  
  77  7:26  Marauder  
  77  7:27  SCV  
  77  7:28  Engineering Bay  
  80  7:37  Marauder  
  80  7:39  SCV  
  80  7:40  SCV  
  84  7:46  Concussive Shells  
  84  7:48  Marauder  
  84  7:51  SCV  
  87  7:52  Supply Depot, SCV  
  87  7:55  Terran Infantry Weapons Level 1  
  88  8:02  Engineering Bay  
  88  8:03  SCV  
  88  8:04  SCV  
  90  8:14  Refinery  
  90  8:15  SCV  
  90  8:17  Missile Turret, SCV  
  92  8:22  Missile Turret  
  92  8:27  Terran Infantry Armor Level 1  
  92  8:29  Orbital Command, Barracks, Starport Reactor  
  92  8:30  Medivac  
  94  8:36  SCV  
  94  8:37  Supply Depot  
  94  8:42  Marine  
  94  8:44  Marine  
  96  8:48  SCV  
  96  8:54  Refinery  
  96  8:55  Marine  
  87  8:56  Marine  
  87  9:00  Medivac  
  87  9:01  Marauder  
  81  9:02  Marauder  
  67  9:10  Siege Tank  
  67  9:13  Marine  
  67  9:14  Marine  
  67  9:15  Marine  
  73  9:21  Marine  
  73  9:23  Marine  
  75  9:30  Marine  
  76  9:32  Marine  
  76  9:33  Marine  
  78  9:39  Marine  
  78  9:41  Marine  
  78  9:43  Siege Tank  
  83  9:48  Marine  
  83  9:49  Missile Turret  
  83  9:50  Marine, Widow Mine  
  87  9:58  Marauder  
  87  9:59  Marauder  
  91  10:05  Supply Depot  
  91  10:09  Missile Turret  
  91  10:10  Starport Tech Lab  
  91  10:11  Widow Mine  
  93  10:15  Siege Tank  
  93  10:19  Marauder  
  93  10:21  Marauder  
  100  10:26  Command Center  
  100  10:28  Raven  
  100  10:32  Widow Mine  
  100  10:35  Missile Turret  
  104  10:37  Supply Depot  
  104  10:40  Marauder  
  104  10:42  Armory  
  106  10:47  Marauder, Siege Tank  
  111  10:54  Widow Mine  
  113  11:03  Supply Depot  
  113  11:09  Raven  
  115  11:19  Medivac, Siege Tank  
  115  11:21  Barracks  
  120  11:29  Terran Infantry Weapons Level 2  
  120  11:35  Supply Depot, Factory Tech Lab  
  120  11:39  Marine, SCV  
  122  11:40  SCV x2, Refinery  
  122  11:42  Hi-Sec Auto Tracking  
  124  11:47  Missile Turret  
  124  11:48  Command Center  
  124  11:51  Siege Tank  
  124  11:52  SCV, Missile Turret, Refinery  
  124  11:53  Orbital Command  
  128  11:55  SCV  
  129  12:04  SCV  
  129  12:07  SCV  
  131  12:13  Armory  
  131  12:16  SCV  
  131  12:20  Barracks Tech Lab, SCV  
  134  12:25  Marauder  
  134  12:26  Marauder  
  134  12:27  Marine  
  134  12:28  SCV  
  140  12:30  Marine  
  140  12:32  SCV  
  114  12:41  Marine  
  114  12:42  Marine  
  85  12:46  Marine, SCV  
  85  12:48  Marine  
  85  12:49  Marine  
  85  12:50  Marine  
  66  12:56  Hellion  
  70  12:58  Hellion  
  70  12:59  Marine  
  70  13:04  SCV  
  72  13:05  SCV  
  72  13:08  SCV, Command Center  
  74  13:15  Marine  
  74  13:16  SCV  
  74  13:17  Marine, Siege Tank  
  74  13:19  Marine  
  63  13:20  Marine  
  63  13:21  Marine x2  
  52  13:28  SCV  
  52  13:31  SCV  
  52  13:33  Marauder  
  42  13:35  Marine  
  42  13:36  Marine  
  42  13:38  Marine  
  42  13:41  Marine  
  37  13:43  Marine  
  31  13:49  Hellion  
  31  13:53  Marine  
  24  13:57  Marine  
Tags
 
Composition
Roach Hydra
Matchup
TvZ
Spawn Locations
Cross Positions
Add a new tag
Caveats
  • Supply blocks, unpowered buildings, or Contaminate may cause inaccurate times.
  • Supply counts are checked every 10 seconds.